 Dungeon Crawl Stone Soup version 0.31-a0-1327-g8c40ea976f (webtiles) character file.

Game seed: 3967292135216856401

441 GreatBamboolord the Sneak (level 6, -4/37 (45) HPs)
             Began as an Armataur Alchemist on Dec 21, 2023.
             Was a Follower of Sif Muna.
             Slain by a wight
             ... wielding a +4 halberd of freezing
              (9 damage)
             ... on level 5 of the Dungeon.
             The game lasted 00:09:25 (3880 turns).

GreatBamboolord the Sneak (Armataur Alchemist)      Turns: 3880, Time: 00:09:26

HP:   -4/37 (45)    AC:  5    Str: 13    XL:     6   Next: 70%
MP:   7/10          EV: 10    Int: 18    God:    Sif Muna [*.....]
Gold: 61            SH:  0    Dex: 10    Spells: 0/10 levels left

rFire   . . .        h - +2 dagger (elec)
rCold   . . .        (no shield)
rNeg    . . .        a - +0 robe
rPois   .            (no helmet)
rElec   .            c - +0 cloak
rCorr   .            (no gloves)
SInv    .            (no barding)
Will    .....        (no amulet)
Stlth   ++           (no ring)
HPRegen 0.26/turn    (no ring)
MPRegen 0.12/turn

%: roll
@: heavily drained
A: large, deformed body, tough skin 3, armoured tail, roll 1
a: Renounce Religion, Channel Magic


You were on level 5 of the Dungeon.
You worshipped Sif Muna.
Sif Muna was aware of your devotion.
You visited 1 branch of the dungeon, and saw 5 of its levels.

You collected 191 gold pieces.
You spent 130 gold pieces at shops.

Inventory:

Hand Weapons
 h - a +2 dagger of electrocution (weapon)
Armour
 a - a +0 robe (worn)
 c - a +0 cloak (worn)
 o - the +4 ring mail of the Distant Future {Will+}
   (You found it on level 3 of the Dungeon)

   Will+:     It increases your willpower.
Wands
 m - a wand of flame (13)
Scrolls
 d - 2 scrolls of vulnerability
 i - a scroll of teleportation
 l - a scroll of revelation
 n - 3 scrolls of fear
 r - a scroll of silence {unknown}
 s - a scroll of enchant armour {unknown}
Potions
 b - a potion of magic
 e - 2 potions of haste {unknown}
 f - a potion of might {unknown}
 g - a potion of mutation {unknown}
 j - a potion of degeneration {unknown}
 k - 3 potions of brilliance {unknown}
 p - a potion of enlightenment {unknown}
 q - a potion of resistance


   Skills:
 + Level 2.0 Armour
 + Level 2.0 Dodging
 * Level 4.0 Stealth
 * Level 2.8 Spellcasting
 * Level 2.5 Conjurations
 * Level 2.1 Air Magic
 * Level 3.6 Alchemy
 + Level 1.2 Invocations


You couldn't memorise any spells.
You knew the following spells:

 Your Spells              Type           Power      Damage    Failure   Level
a - Sting                 Conj/Alch      52%        1d6       4%          1
b - Mercury Vapours       Alch/Air       26%        N/A       8%          2
c - Mephitic Cloud        Conj/Alch/Air  12%        N/A       16%         3
d - Olgreb's Toxic Radia  Alch           15%        N/A       36%         4

Your spell library contained the following spells:

 Spells                   Type           Power      Damage    Failure   Level
 Sticky Flame             Fire/Alch      9%         2d5       61%         4
 Ozocubu's Refrigeration  Ice            1%         4d7       100%        7
 Discord                  Hex            1%         N/A       100%        8


Dungeon Overview and Level Annotations

Branches:
Dungeon (5/15)             Temple (0/1) D:4

Altars:
Elyvilon
Kikubaaqudgha
Makhleb
Nemelex Xobeh
Ru
Sif Muna
Vehumet
Yredelemnul
The Shining One

Shops:
D:4 **

Annotations:
D:3 2 transporters, joopi's ghost, weakling OpSh


Innate Abilities, Weirdness & Mutations

Armour fits poorly on your strangely shaped body.
You have extremely tough skin. (AC +3)
You have a long armoured tail.
You regenerate magic when rolling toward enemies. (Rampage MPRegen)


Message History

HP restored.
Magic restored. 2 wights come into view.
A wight is wielding a +4 halberd of freezing.
The wight hits you from afar with a +4 halberd of freezing!
The wight freezes you.
There are monsters nearby!
Casting: Sting (safe; 4% risk of failure)
Confirm with . or Enter, or press ? or * to list all spells.
Aiming: Mercury Vapours (safe; 8% risk of failure)
Press: ? - help, Dir - move target, f - wight
Aim: a wight, wielding a +4 halberd of freezing and wearing a +0 robe (chance to weaken: 100%)
You miscast Mercury Vapours.
You are very lightly contaminated with residual magic.
Nothing appears to happen.
The wight hits you from afar with a +4 halberd of freezing.
You feel drained. The wight freezes you.
Casting: Mercury Vapours (safe; 8% risk of failure)
Confirm with . or Enter, or press ? or * to list all spells.
Aiming: Mercury Vapours (safe; 8% risk of failure)
Press: ? - help, Dir - move target, f/p - wight
Aim: a wight, wielding a +4 halberd of freezing and wearing a +0 robe (chance to weaken: 100%) Fumes of mercury billow around the wight!
The wight looks weaker.
The wight barely misses you.
Unknown command.
The wight attacks as it pursues you!
The wight hits you from afar with a +4 halberd of freezing.
You feel drained. The wight freezes you. The wight attacks as it pursues you!
The wight barely misses you.
You roll towards the wight!
You hit the wight but do no damage.
The wight hits you from afar with a +0 halberd!
* * * LOW HITPOINT WARNING * * *
You feel drained.
* * * LOW HITPOINT WARNING * * *
Unknown command.
The wight closely misses you.
Your magical contamination has completely faded away.
The wight attacks as it pursues you! The wight closely misses you.
The wight hits you from afar with a +4 halberd of freezing!
You die...

.#..........#
......#.##..#
........##..#
.#..###....####
...........)..#
...........##.#
....##zz##.##.#
.... #..#####.#
....##.@......#
..............#
#.#.......<####
#..........###
...<.........#
.##.#...<.####
#.##..#.## .
#......#
####...####


You could see 2 wights.

Vanquished Creatures
  2 wights (D:5)
  A jelly (D:4)
  2 gnoll boudas (D:4)
  2 orc wizards
  An iguana (D:4)
  2 adders (D:4)
  9 gnolls (D:4)
  3 worms
  6 orcs
  9 ball pythons
  3 bats
  7 endoplasms
  2 giant cockroaches
  6 goblins
  3 hobgoblins
  6 kobolds
  2 quokkas
  2 frilled lizards
  3 rats
71 creatures vanquished.

Notes
Turn   | Place    | Note
-------+----------+-------------------------------------------
     0 | D:1      | GreatBamboolord the Armataur Alchemist began the quest for
                  | the Orb.
     0 | D:1      | Reached XP level 1. HP: 14/14 MP: 3/3
     1 | D:1      | Noticed an electric eel
   133 | D:1      | Reached skill level 1 in Conjurations
   192 | D:1      | Reached XP level 2. HP: 20/20 MP: 0/4
   847 | D:2      | Found a faded altar of an unknown god.
   858 | D:2      | Reached XP level 3. HP: 26/26 MP: 6/6
   885 | D:2      | Learned a level 2 spell: Mercury Vapours
   889 | D:2      | Learned a level 3 spell: Mephitic Cloud
  1611 | D:3      | Identified the +4 ring mail of the Distant Future {Will+}
  1678 | D:3      | Found a sparkling altar of Nemelex Xobeh.
  1682 | D:3      | Found an ancient bone altar of Kikubaaqudgha.
  1682 | D:3      | Found a burning altar of Makhleb.
  1683 | D:3      | Reached skill level 1 in Air Magic
  1686 | D:3      | Reached XP level 4. HP: 15/33 MP: 4/7
  1690 | D:3      | Reached skill level 3 in Stealth
  1861 | D:3      | Found a white marble altar of Elyvilon.
  1864 | D:3      | Found a glowing golden altar of the Shining One.
  1865 | D:3      | Found a basalt altar of Yredelemnul.
  1865 | D:3      | Found a sacrificial altar of Ru.
  2009 | D:3      | Found a shimmering blue altar of Sif Muna.
  2042 | D:3      | Became a worshipper of Sif Muna the Loreminder
  2122 | D:3      | Found a transporter.
  2125 | D:3      | Noticed joopi's ghost (weakling OpSh)
  2126 | D:3      | Found a transporter.
  2358 | D:4      | Found Uroar's Overcharged Wands.
  2367 | D:4      | Reached skill level 1 in Armour
  2592 | D:4      | Reached XP level 5. HP: 32/38 MP: 2/8
  2650 | D:4      | Reached * piety under Sif Muna
  2659 | D:4      | Found Jaateaga's General Store.
  2674 | D:4      | Bought a potion of resistance for 130 gold pieces
  2760 | D:4      | Found a radiant altar of Vehumet.
  3323 | D:4      | Reached XP level 6. HP: 45/45 MP: 7/9
  3345 | D:4      | Reached skill level 1 in Invocations
  3506 | D:4      | Found a staircase to the Ecumenical Temple.
  3727 | D:4      | Learned a level 4 spell: Olgreb's Toxic Radiance
  3769 | D:5      | Entered Level 5 of the Dungeon
  3812 | D:5      | Reached skill level 4 in Stealth
  3880 | D:5      | Slain by a wight

Illustrated notes

Levels and vault maps discovered:
D:1:      arrival_aquarium_a, layout_basic, chequers_serial_rivers_micro_c
D:2:      layout_basic, hellmonk_ecumenical_altar_lost_god,
          hangedman_decor_peaks_small
D:3:      layout_loops_ring, lemuel_tele_altar, grunt_temple_overflow_open,
          gammafunk_ghost_mausoleum
D:4:      layout_basic, mainiacjoe_overflow_small_starburst,
          minmay_temple_entry_fiery, serial_shops, shop,
          nicolae_shop_overcharged_wands
D:5:      layout_basic, minmay_manual_mail, uniq_menkaure, uniq_prince_ribbit1

Skill      XL: |  1  2  3  4  5  6 |
---------------+-------------------+-----
Conjurations   | 1 2 |  2.5
Spellcasting   | 2 |  2.8
Alchemy        | 3 |  3.6
Air Magic      | 1 2 |  2.1
Stealth        | 3 4 |  4.0
Armour         | 1 2 |  2.0
Invocations    | 1 |  1.2
Dodging        | 2 |  2.0

Action                     |  1- 3 |  4- 6 || total
---------------------------+-------+-------++-------
  Melee: Unarmed           |     6 |       ||     6
         Dagger            |    10 |    26 ||    36
         Tailslap          |       |     5 ||     5
   Cast: Sting             |    59 |    94 ||   153
         Mercury Vapours   |       |     8 ||     8
  Evoke: Wand              |       |     4 ||     4
    Use: Scroll            |     6 |     1 ||     7
         Potion            |       |     1 ||     1
   Stab: Sleeping          |     1 |       ||     1
 Armour: Robe              |    24 |    47 ||    71
  Dodge: Dodged            |    22 |    30 ||    52

Table legend: (Time is in decaauts)
 A = Elapsed time spent in this place.
 B = Non-inter-level travel time spent in this place.
 C = Inter-level travel time spent in this place.
 D = Time resting spent in this place.
 E = Time spent auto-exploring this place.
 F = Levels seen in this place.
 G = Mean time per level.
                   A        B        C        D        E       F      G
               +--------+--------+--------+--------+--------+-----+--------+
         Total |   3878 |   3734 |    144 |    424 |   2593 |   5 |  775.6 |
       Dungeon |   3878 |   3734 |    144 |    424 |   2593 |   5 |  775.6 |
               +--------+--------+--------+--------+--------+-----+--------+

Top non-repeatable levels by time:
     D:4: 1508 daAuts
     D:1: 790 daAuts
     D:3: 776 daAuts
     D:2: 691 daAuts
     D:5: 110 daAuts
